 Dungeon Crawl Stone Soup version 0.21.1-1-g345015f (webtiles) character file.

663 Iko the Shield-Bearer (level 7, -9/60 HPs)
             Began as a Gnoll Fighter on June 25, 2018.
             Was an Initiate of Cheibriados.
             Mangled by Prince Ribbit (12 damage)
             ... on level 6 of the Dungeon.
             The game lasted 00:10:41 (1047 turns).

Iko the Shield-Bearer (Gnoll Fighter)               Turns: 1047, Time: 00:10:42

Health: -9/60      AC: 10    Str: 19    XL:     7   Next: 56%
Magic:  10/10      EV:  5    Int: 14    God:    Cheibriados [......]
Gold:   151        SH:  9    Dex: 15    Spells: 11/11 levels left

rFire    . . .     SeeInvis .   e - +2 hand axe (chop)
rCold    . . .     Gourm    .   c - +0 shield
rNeg     . . .     Faith    .   a - +1 chain mail
rPois    .         Spirit   .   (no helmet)
rElec    .         Reflect  .   (no cloak)
rCorr    .         Harm     .   (no gloves)
MR       .....     Clarity  +   (no boots)
Stlth    ..........             h - amulet of rage
HPRegen  0.20/turn              j - ring of wizardry
MPRegen  0.12/turn              (no ring)

@: about to teleport, slow
A: distributed training, fangs 1, clarity, screaming 1, strong nose
a: Bend Time, Renounce Religion, Evoke Berserk Rage


You were on level 6 of the Dungeon.
You worshipped Cheibriados.
Cheibriados was noncommittal.
You were not hungry.

You visited 1 branch of the dungeon, and saw 6 of its levels.

You collected 151 gold pieces.

Inventory:

Hand Weapons
 e - a +2 hand axe of chopping (weapon)
Armour
 a - a +1 chain mail (worn)
 c - a +0 shield (worn)
Jewellery
 h - an amulet of rage (around neck)
 j - a ring of wizardry (left hand)
Scrolls
 g - 2 scrolls of teleportation
 l - a scroll of remove curse
Potions
 d - a potion of might
Comestibles
 f - 3 rations


   Skills:
 + Level 7.0(3.5) Fighting
 + Level 2.5(1.2) Short Blades
 + Level 2.5(1.2) Long Blades
 + Level 5.2(2.6) Axes
 + Level 2.5(1.2) Maces & Flails
 + Level 2.5(1.2) Polearms
 + Level 2.5(1.2) Staves
 + Level 2.5(1.2) Slings
 + Level 2.5(1.2) Bows
 + Level 2.5(1.2) Crossbows
 + Level 2.5(1.2) Throwing
 + Level 7.0(3.5) Armour
 + Level 2.5(1.2) Dodging
 + Level 2.5(1.2) Stealth
 + Level 7.0(3.5) Shields
 + Level 2.5(1.2) Unarmed Combat
 + Level 2.5(1.2) Spellcasting
 + Level 2.0(1.0) Conjurations
 + Level 2.0(1.0) Hexes
 + Level 2.0(1.0) Charms
 + Level 2.0(1.0) Summonings
 + Level 2.0(1.0) Necromancy
 + Level 2.0(1.0) Translocations
 + Level 2.0(1.0) Transmutations
 + Level 2.0(1.0) Fire Magic
 + Level 2.0(1.0) Ice Magic
 + Level 2.0(1.0) Air Magic
 + Level 2.0(1.0) Earth Magic
 + Level 2.0(1.0) Poison Magic
 + Level 2.8(1.4) Invocations
 + Level 2.5(1.2) Evocations


You had 11 spell levels left.
You didn't know any spells.

Dungeon Overview and Level Annotations

Branches:
Dungeon (6/15)
 Temple: D:4-7

Altars:
Ashenzari
Cheibriados
Gozag
Okawaru
Xom

Shops:
D:4 *

Annotations:
D:6 Prince Ribbit


Innate Abilities, Weirdness & Mutations

Your experience applies equally to all skills.
You have very sharp teeth.
Your uncanny sense of smell can sniff out nearby items.
You possess an exceptional clarity of mind.
You occasionally shout uncontrollably at your foes.


Message History

You block Prince Ribbit's attack. x2
You closely miss Prince Ribbit.
Prince Ribbit is lightly wounded.
Prince Ribbit hits you. Prince Ribbit hits you!
You slash Prince Ribbit!
Prince Ribbit is moderately wounded.
Prince Ribbit blinks!
Prince Ribbit hits you!
* * * LOW HITPOINT WARNING * * *
As you read the scroll of teleportation, it crumbles to dust.
You feel strangely unstable. Prince Ribbit hits you.
* * * LOW HITPOINT WARNING * * *
You closely miss Prince Ribbit. Your bite misses Prince Ribbit.
Prince Ribbit is moderately wounded.
You block Prince Ribbit's attack. Prince Ribbit hits you.
* * * LOW HITPOINT WARNING * * *
You feel extremely strange.
You feel the urge to shout.
Your thoughts seem clearer.
Prince Ribbit hits you!
You die...

#.# ####.#
#....# #.##.#
###
#..#.#######
..#
#...........
#.##.#########.
#F..##l#
##@.##.# ∆∆
#..#### #......
#..#### #..#
#..# #..# #...


You could see Prince Ribbit.

Vanquished Creatures
  The ghost of chorionicmirror the Shield-Bearer, a novice FoFi of Makhleb (D:5)
  The ghost of Unprinted the Poker, an amateur MiMo (D:3)
  An orc priest (D:5)
  An orc wizard (D:2)
  The ghost of Drak the Caller, a weakling HOSu (D:4)
  A hound zombie (D:6)
  An adder (D:2)
  An ooze (D:1)
  2 worms
  A dart slug (D:1)
  A leopard gecko (D:2)
  7 orcs
  2 giant cockroaches
  6 goblins
  3 hobgoblins
  A jackal (D:2)
  A quokka (D:5)
  7 bats
  A frilled lizard (D:1)
  2 kobolds (D:2)
42 creatures vanquished.

Vanquished Creatures (others)
  An orc wizard (D:5)
1 creature vanquished.

Grand Total: 43 creatures vanquished

Notes
Turn   | Place    | Note
-------+----------+-------------------------------------------
     0 | D:1      | Iko the Gnoll Fighter began the quest for the Orb.
     0 | D:1      | Reached XP level 1. HP: 23/23 MP: 1/1
    29 | D:1      | Reached XP level 2. HP: 20/29 MP: 2/2
   361 | D:2      | Reached skill level 1 in Invocations
   361 | D:2      | Reached XP level 3. HP: 32/35 MP: 2/4
   376 | D:2      | Reached skill level 1 in Short Blades
   376 | D:2      | Reached skill level 1 in Long Blades
   376 | D:2      | Reached skill level 1 in Maces & Flails
   376 | D:2      | Reached skill level 1 in Polearms
   376 | D:2      | Reached skill level 1 in Staves
   376 | D:2      | Reached skill level 1 in Slings
   376 | D:2      | Reached skill level 1 in Bows
   376 | D:2      | Reached skill level 1 in Crossbows
   376 | D:2      | Reached skill level 1 in Throwing
   376 | D:2      | Reached skill level 1 in Dodging
   376 | D:2      | Reached skill level 1 in Stealth
   376 | D:2      | Reached skill level 1 in Unarmed Combat
   376 | D:2      | Reached skill level 1 in Spellcasting
   376 | D:2      | Reached skill level 1 in Evocations
   426 | D:2      | Reached XP level 4. HP: 41/41 MP: 5/5
   570 | D:2      | Found a shattered altar of Ashenzari.
   578 | D:2      | Became a worshipper of Ashenzari the Shackled
   607 | D:3      | Noticed Unprinted's ghost (amateur MiMo)
   630 | D:3      | Killed Unprinted's ghost
   630 | D:3      | Reached skill level 1 in Conjurations
   630 | D:3      | Reached skill level 1 in Hexes
   630 | D:3      | Reached skill level 1 in Charms
   630 | D:3      | Reached skill level 1 in Summonings
   630 | D:3      | Reached skill level 1 in Necromancy
   630 | D:3      | Reached skill level 1 in Translocations
   630 | D:3      | Reached skill level 1 in Transmutations
   630 | D:3      | Reached skill level 1 in Fire Magic
   630 | D:3      | Reached skill level 1 in Ice Magic
   630 | D:3      | Reached skill level 1 in Air Magic
   630 | D:3      | Reached skill level 1 in Earth Magic
   630 | D:3      | Reached skill level 1 in Poison Magic
   630 | D:3      | Reached XP level 5. HP: 31/47 MP: 5/7
   630 | D:3      | Reached XP level 6. HP: 35/53 MP: 5/8
   672 | D:3      | Found a shimmering altar of Xom.
   707 | D:4      | Noticed Drak's ghost (weakling HOSu)
   711 | D:4      | Killed Drak's ghost
   730 | D:4      | Found a snail-covered altar of Cheibriados.
   738 | D:4      | Fell from the grace of Ashenzari
   738 | D:4      | Became a worshipper of Cheibriados the Contemplative
   749 | D:5      | Entered Level 5 of the Dungeon
   764 | D:4      | Found Gozag's Platinum Reserve.
   773 | D:4      | Found an opulent altar of Gozag.
   813 | D:5      | Found an iron altar of Okawaru.
   830 | D:5      | Noticed chorionicmirror's ghost (novice FoFi)
   840 | D:5      | Was placed under penance by Cheibriados
   842 | D:5      | Reached skill level 5 in Axes
   847 | D:5      | Was forgiven by Cheibriados
   849 | D:5      | Killed chorionicmirror's ghost
   849 | D:5      | Reached XP level 7. HP: 13/60 MP: 8/10
   852 | D:5      | HP: 3/60 [orc/exploding tomahawk (1)]
  1035 | D:6      | Noticed Prince Ribbit
  1046 | D:6      | HP: 3/60 [Prince Ribbit (6)]
  1047 | D:6      | Gained mutation: You occasionally shout uncontrollably at your foes. [potion of mutation]
  1047 | D:6      | Gained mutation: You possess an exceptional clarity of mind. [potion of mutation]
  1047 | D:6      | Mangled by Prince Ribbit

Skill      XL: |  1  2  3  4  5  6 |
---------------+-------------------+-----
Invocations    | 1 2 |  2.8
Short Blades   | 1 2 |  2.5
Long Blades    | 1 2 |  2.5
Maces & Flails | 1 2 |  2.5
Polearms       | 1 2 |  2.5
Staves         | 1 2 |  2.5
Slings         | 1 2 |  2.5
Bows           | 1 2 |  2.5
Crossbows      | 1 2 |  2.5
Throwing       | 1 2 |  2.5
Dodging        | 1 2 |  2.5
Stealth        | 1 2 |  2.5
Unarmed Combat | 1 2 |  2.5
Spellcasting   | 1 2 |  2.5
Evocations     | 1 2 |  2.5
Conjurations   | 1 2 |  2.0
Hexes          | 1 2 |  2.0
Charms         | 1 2 |  2.0
Summonings     | 1 2 |  2.0
Necromancy     | 1 2 |  2.0
Translocations | 1 2 |  2.0
Transmutations | 1 2 |  2.0
Fire Magic     | 1 2 |  2.0
Ice Magic      | 1 2 |  2.0
Air Magic      | 1 2 |  2.0
Earth Magic    | 1 2 |  2.0
Poison Magic   | 1 2 |  2.0
Axes           | 5 |  5.2
Fighting       | 7 |  7.0
Armour         | 7 |  7.0
Shields        | 7 |  7.0

Action                   |  1- 3 |  4- 6 |  7- 9 || total
-------------------------+-------+-------+-------++-------
Melee: War axe           |    17 |       |       ||    17
       Hand axe          |    40 |    63 |    21 ||   124
       Bite              |     5 |     3 |     2 ||    10
 Abil: Evoke Berserk Rag |       |     1 |       ||     1
  Use: Scroll            |     3 |     5 |     1 ||     9
       Potion            |     2 |     1 |     2 ||     5
  Eat: Ration            |       |       |     1 ||     1
Armor: Scale mail        |     6 |       |       ||     6
       Chain mail        |    17 |    16 |    11 ||    44
       Skin              |       |    17 |     2 ||    19
Dodge: Dodged            |    18 |     8 |     4 ||    30
Block: Shield            |    33 |    33 |    12 ||    78
